 Dungeon Crawl Stone Soup version 0.28-a0-980-g3664467d6e (webtiles) character file.

Game seed: 10208067571066620352

827 BinkBink the Chopper (level 7, -8/61 HPs)
             Began as a Minotaur Monk on Dec 2, 2021.
             Was an Elder of Okawaru.
             Mangled by Edmund (13 damage)
             ... on level 5 of the Dungeon.
             The game lasted 00:05:54 (5552 turns).

BinkBink the Chopper (Minotaur Monk)                Turns: 5552, Time: 00:05:54

Health: -8/61      AC:  2    Str: 16    XL:     7   Next: 64%
Magic:  6/6        EV: 17    Int:  7    God:    Okawaru [****..]
Gold:   244        SH:  4    Dex: 14    Spells: 6/6 levels left

rFire   . . .      SeeInvis .   a - +0 hand axe
rCold   . . .      Faith    .   f - +0 buckler
rNeg    . . .      Spirit   .   b - +0 robe
rPois   .          Reflect  .   (helmet restricted)
rElec   .          Harm     .   (no cloak)
rCorr   .          Rampage  .   (no gloves)
Will    .....                   (no boots)
Stlth   +++.......              (no amulet)
HPRegen 0.20/turn               m - +4 ring of evasion
MPRegen 0.10/turn               (no ring)

@: no status effects
A: horns 2, retaliatory headbutt
a: Renounce Religion, Heroism, Finesse


You were on level 5 of the Dungeon.
You worshipped Okawaru.
Okawaru was greatly pleased with you.
You visited 1 branch of the dungeon, and saw 6 of its levels.

You collected 244 gold pieces.

Inventory:

Hand Weapons
 a - a +0 hand axe (weapon)
Armour
 b - a +0 robe (worn)
 f - a +0 buckler (worn)
Jewellery
 m - a +4 ring of evasion (left hand)
 w - a ring of resist corrosion
Scrolls
 d - 6 scrolls of identify {unknown}
 e - 2 scrolls of summoning {unknown}
 g - a scroll of enchant weapon {unknown}
 h - 2 scrolls of enchant armour {unknown}
 j - 3 scrolls of amnesia {unknown}
 l - a scroll of immolation {unknown}
 q - a scroll of holy word {unknown}
 r - 2 scrolls of teleportation {unknown}
 s - a scroll of silence {unknown}
 u - a scroll of brand weapon {unknown}
 y - a scroll of fear {unknown}
Potions
 c - a potion of cancellation {unknown}
 i - a potion of berserk rage {unknown}
 k - a potion of ambrosia {unknown}
 n - a potion of brilliance {unknown}
 o - a potion of curing {unknown}
 p - a potion of lignification {unknown}
 t - a potion of attraction {unknown}
 v - a potion of haste {unknown}
 x - a potion of might {unknown}
 z - a potion of resistance {unknown}


   Skills:
 + Level 5.5 Fighting
 + Level 6.7 Axes
 + Level 5.5 Dodging
 + Level 4.3 Stealth
 + Level 1.5 Shields


You had 6 spell levels left.
You didn't know any spells.
Your spell library contained the following spells:

 Spells                   Type           Power      Damage    Failure   Level
 Foxfire                  Conj/Fire      0%         2x1d4     54%         1
 Corpse Rot               Necr/Air       0%         N/A       67%         2
 Poisonous Vapours        Pois/Air       0%         N/A       67%         2
 Sublimation of Blood     Necr           0%         N/A       67%         2
 Wereblood                Tmut           0%         N/A       67%         2
 Conjure Flame            Conj/Fire      0%         6-21      88%         3
 Inner Flame              Hex/Fire       0%         N/A       88%         3
 Portal Projectile        Hex/Tloc       0%         N/A       88%         3
 Flame Wave               Conj/Fire      0%         2d4       99%         4
 Fulminant Prism          Conj/Hex       0%         3d6       99%         4
 Iskenderun's Mystic Bla  Conj/Tloc      0%         2d3       99%         4
 Leda's Liquefaction      Hex/Erth       0%         N/A       99%         4
 Lee's Rapid Deconstruct  Erth           0%         3d5*      100%        5
 Call Canine Familiar     Summ           Unusable   N/A       N/A         3
 Summon Hydra             Summ           Unusable   N/A       N/A         7

Dungeon Overview and Level Annotations

Branches:
Dungeon (6/15)             Temple (0/1) D:5

Altars:
Okawaru

Annotations:
D:5 Edmund


Innate Abilities, Weirdness & Mutations

You have a pair of horns on your head.
You reflexively headbutt those who attack you in melee.


Message History

Edmund is lightly wounded.
Edmund hits you with a +0 vorpal dire flail.
You hit Edmund. You headbutt Edmund.
Edmund is lightly wounded.
You closely miss the iguana. You block Edmund's attack. The iguana misses you.
Edmund closely misses you. You furiously retaliate!
You headbutt Edmund! You slash Edmund!
Edmund is heavily wounded.
You hit the iguana. The iguana bites you! Edmund barely misses you.
You are too injured to fight recklessly!
You are too injured to fight recklessly!
You are too injured to fight recklessly!
You are too injured to fight recklessly!
You hit Edmund but do no damage. Your headbutt misses Edmund.
Edmund is heavily wounded.
You hit the iguana. The iguana misses you. You block Edmund's attack.
You slash Edmund! You headbutt Edmund, but do no damage.
Edmund is severely wounded.
You hit the iguana. The iguana closely misses you. Edmund closely misses you.
You furiously retaliate!
You headbutt Edmund. You closely miss Edmund. Your headbutt misses Edmund.
Edmund is almost dead.
You closely miss the iguana. The iguana bites you!
Edmund hits you with a +0 vorpal dire flail.
You hit Edmund.
Edmund is almost dead.
You completely miss the iguana. You block the iguana's attack.
Edmund hits you with a +0 vorpal dire flail!
* * * LOW HITPOINT WARNING * * *
x2
Okay, then.
The iguana misses you.
There is a stone staircase leading up here.
The iguana bites you!
* * * LOW HITPOINT WARNING * * *
Edmund asks, "Have you met my wondrous brother?"
You block Edmund's attack.
You climb upwards.
There is a stone staircase leading down here.
Edmund hits you with a +0 vorpal dire flail!
You die...

##........#......
#.....##........
###.....##......
##..###......... #..##
###...#... ##.##
#..##### ##..# ####..#
##@l#####.....#####
####.@####...........#
#...............####<#
##.##.#####...##.####.#
#..##.# #...###....#..
#.###.####..## ####..##
##.# #.#......# ##...
#..# #.#......# ###.
#.##
#.#......########## #.#
#..................


You could see Edmund and an iguana.

Vanquished Creatures
  Sigmund (D:3)
  A water moccasin (D:5)
  A scorpion (D:4)
  A centaur zombie (D:5)
  3 hounds
  A gnoll shaman (D:4)
  Terence (D:2)
  2 iguanas
  2 orc wizards
  A hound zombie (D:5)
  2 hound skeletons
  9 gnolls (D:4)
  3 adders
  A worm (D:2)
  2 dart slugs
  9 orcs
  6 ball pythons
  5 bats
  5 endoplasms
  5 goblins
  3 hobgoblins
  6 jackals
  4 quokkas
  2 frilled lizards (D:1)
  6 kobolds
  A quokka skeleton (D:4)
  5 rats
88 creatures vanquished.

Vanquished Creatures (others)
  3 plants (D:5)
3 creatures vanquished.

Grand Total: 91 creatures vanquished

Notes
Turn   | Place    | Note
-------+----------+-------------------------------------------
     0 | D:1      | BinkBink the Minotaur Monk began the quest for the Orb.
     0 | D:1      | Reached XP level 1. HP: 19/19 MP: 0/0
   458 | D:1      | Reached XP level 2. HP: 27/27 MP: 1/1
   904 | D:2      | Found a faded altar of an unknown god.
   991 | D:2      | Prayed at the altar of an unknown god.
   991 | D:2      | Became a worshipper of Warmaster Okawaru
   991 | D:2      | Reached * piety under Okawaru
   991 | D:2      | Reached ** piety under Okawaru
  1023 | D:2      | Reached skill level 4 in Axes
  1024 | D:2      | Noticed Terence
  1047 | D:2      | Killed Terence
  1048 | D:2      | Reached XP level 3. HP: 20/33 MP: 2/2
  1541 | D:2      | Reached *** piety under Okawaru
  1681 | D:2      | Reached XP level 4. HP: 41/41 MP: 3/3
  2231 | D:3      | Noticed Sigmund
  2582 | D:3      | Killed Sigmund
  2582 | D:3      | Reached **** piety under Okawaru
  2583 | D:3      | Reached skill level 5 in Axes
  2583 | D:3      | Reached XP level 5. HP: 47/47 MP: 4/4
  2600 | D:3      | Reached XP level 6. HP: 55/55 MP: 5/5
  3344 | D:4      | Reached skill level 5 in Fighting
  4128 | D:4      | Reached skill level 1 in Shields
  4268 | D:4      | Reached XP level 7. HP: 40/61 MP: 6/6
  4502 | D:4      | Reached skill level 6 in Axes
  4521 | D:4      | Reached skill level 5 in Dodging
  4687 | D:5      | Entered Level 5 of the Dungeon
  5102 | D:5      | Found a staircase to the Ecumenical Temple.
  5527 | D:6      | Noticed Edmund
  5552 | D:5      | Mangled by Edmund

Illustrated notes

Levels and vault maps discovered:
D:1:      tarquinn_simple_flora_water_c, layout_loops_ring
D:2:      layout_basic, hellmonk_ecumenical_altar_arch_garden, uniq_terence
D:3:      layout_loops_ring, minmay_misc_feat_encased, grunt_ministairs_12,
          uniq_sigmund
D:4:      layout_rooms, kennysheep_small_square
D:5:      layout_rooms, minmay_temple_entry_gardened_gates
D:6:      layout_cave_pods, roderic_serpentine_path, uniq_edmund, uniq_menkaure

Skill      XL: |  1  2  3  4  5  6  7 |
---------------+----------------------+-----
Fighting       | 4 5 |  5.5
Axes           | 4 5 6 |  6.7
Stealth        | 2 3 4 |  4.3
Dodging        | 4 5 |  5.5
Shields        | 1 |  1.5

Action                   |  1- 3 |  4- 6 |  7- 9 || total
-------------------------+-------+-------+-------++-------
Melee: Hand axe          |    69 |   111 |    68 ||   248
       Headbutt          |    10 |    20 |    16 ||    46
 Stab: Sleeping          |     5 |     3 |     4 ||    12
Armor: Robe              |    19 |     8 |     3 ||    30
Dodge: Dodged            |    39 |   130 |    54 ||   223
Block: Buckler           |     5 |    26 |    11 ||    42

Table legend: (Time is in decaauts)
 A = Elapsed time spent in this place.
 B = Non-inter-level travel time spent in this place.
 C = Inter-level travel time spent in this place.
 D = Time resting spent in this place.
 E = Time spent auto-exploring this place.
 F = Levels seen in this place.
 G = Mean time per level.
                   A        B        C        D        E       F      G
               +--------+--------+--------+--------+--------+-----+--------+
         Total |   5582 |   5382 |    200 |      0 |   4569 |   6 |  930.3 |
       Dungeon |   5582 |   5382 |    200 |      0 |   4569 |   6 |  930.3 |
               +--------+--------+--------+--------+--------+-----+--------+

Top non-repeatable levels by time:
     D:3: 1655 daAuts
     D:2: 1263 daAuts
     D:4: 1006 daAuts
     D:5: 835 daAuts
     D:1: 789 daAuts
     D:6: 31 daAuts
